 Dungeon Crawl Stone Soup version 0.31.0-12-g77e489cdc1 (webtiles) character file.

Game seed: 7884557673254098754

44 gohu the Shield-Bearer (level 3, -3/33 HPs)
             Began as a Minotaur Fighter on Feb 18, 2024.
             Slain by a gnoll
             ... wielding a +0 whip
              (5 damage)
             ... on level 2 of the Dungeon.
             The game lasted 00:01:29 (886 turns).

gohu the Shield-Bearer (Minotaur Fighter)            Turns: 886, Time: 00:01:30

Health: -3/33      AC:  9    Str: 22    XL:     3   Next: 39%
Magic:  2/2        EV:  9    Int:  5    God:
Gold:   74         SH:  4    Dex:  9    Spells: 2/2 levels left

rFire   . . .        a - +0 war axe
rCold   . . .        c - +0 buckler
rNeg    . . .        b - +0 scale mail
rPois   .            (helmet restricted)
rElec   .            (no cloak)
rCorr   .            i - +0 pair of gloves
SInv    .            g - +0 pair of boots
Will    .....        (no amulet) Stlth
                     (no ring)
HPRegen 0.25/turn    (no ring)
MPRegen 0.08/turn

%: no passive effects
@: mighty
A: horns 2, retaliatory headbutt
a: no special abilities


You were on level 2 of the Dungeon.
You visited 1 branch of the dungeon, and saw 3 of its levels.

You collected 74 gold pieces.

Inventory:

Hand Weapons
 a - a +0 war axe (weapon)
Missiles
 l - 4 boomerangs (quivered)
Armour
 b - a +0 scale mail (worn)
 c - a +0 buckler (worn)
 g - a +0 pair of boots (worn)
 i - a +0 pair of gloves (worn)
Scrolls
 f - a scroll of fog {unknown}
 h - a scroll of immolation {unknown}
 k - a scroll of revelation {unknown}
 m - a scroll of identify {unknown}
Potions
 e - a potion of berserk rage {unknown}
 j - a potion of lignification {unknown}


   Skills:
 + Level 4.0 Fighting
 * Level 3.4 Axes
 + Level 4.1 Armour
 + Level 4.1 Shields


You had 2 spell levels left.
You didn't know any spells.
Your spell library was empty.

Dungeon Overview and Level Annotations

Branches:
Dungeon (3/15)

Altars:

Annotations:
D:3 Robin


Innate Abilities, Weirdness & Mutations

You have a pair of horns on your head.
You reflexively headbutt those who attack you in melee.


Message History

Found a leather armour.
You see here 4 boomerangs.
l - 4 boomerangs
There is a stone staircase leading down here.
You climb downwards.
The hobgoblin hits you but does no damage.
There is a stone staircase leading up here.
You slash the hobgoblin!
You kill the hobgoblin!
The ball python barely misses you. You furiously retaliate!
You headbutt the ball python!
You kill the ball python!
No target in view!
No target in view!
You climb upwards.
There is a stone staircase leading down here.
Found a stone staircase leading down.
m - a scroll labelled KOYVER NAOGO
There is a stone staircase leading down here.
You climb downwards.
Robin shouts!
The hobgoblin shouts!
The goblin shouts! x3; The gnoll shouts! x3
The orc shouts!
The gnoll hits you but does no damage. The gnoll barely misses you.
The gnoll completely misses you.
Found a bubbling silvery potion.
Found an escape hatch in the ceiling.
There is a stone staircase leading up here.
You block the goblin's attack.
The orc priest mumbles some strange prayers to Beogh against you.
Pain shoots through your body! The gnoll hits you with a +0 whip.
The gnoll barely misses you. The gnoll hits you with a +0 flail.
* * * LOW HITPOINT WARNING * * *
The gnoll hits you with a +0 spear.
* * * LOW HITPOINT WARNING * * *
You climb upwards.
There is a stone staircase leading down here.
You feel very mighty all of a sudden.
The gnoll hits you from afar with a +0 spear.
* * * LOW HITPOINT WARNING * * *
The gnoll hits you with a +0 whip.
You die...

#.......#.#
#<##.##.#.#
#.##>##.#.#
..##......####.#
#.######........#
#.## #...######
##.... #...#
....#.###...######
......g@#.........
..###g#gg...######
........##..#
....#..[..........
......####..######
...... #..# ......
...# ..... ####
...##


You could see 3 gnolls and a goblin.

Vanquished Creatures
  An adder (D:2)
  4 dart slugs (D:1)
  An endoplasm (D:1)
  A giant cockroach (D:1)
  2 goblins (D:1)
  2 hobgoblins
  2 kobolds (D:1)
  2 quokkas
  4 ball pythons
  2 bats (D:1)
  A frilled lizard (D:2)
  4 rats (D:1)
26 creatures vanquished.

Notes
Turn   | Place    | Note
-------+----------+-------------------------------------------
     0 | D:1      | gohu the Minotaur Fighter began the quest for the Orb.
     0 | D:1      | Reached XP level 1. HP: 19/19 MP: 0/0
   199 | D:1      | Reached XP level 2. HP: 24/27 MP: 1/1
   710 | D:1      | Reached XP level 3. HP: 33/33 MP: 2/2
   883 | D:3      | Noticed Robin
   886 | D:2      | Slain by a gnoll

Illustrated notes

Levels and vault maps discovered:
D:1:      grunt_arrival_lava_bath, layout_loops_corners
D:2:      layout_loops_ring, chequers_ecumenical_altar_simple_redux
D:3:      layout_rooms, uniq_robin

Skill      XL: |  1  2  3 |
---------------+----------+-----
Armour         | 4 |  4.1
Axes           | 3 |  3.4
Shields        | 4 |  4.1
Fighting       | 4 |  4.0

Action                     || total
---------------------------++-------
  Melee: War axe           ||    41
         Headbutt          ||     3
    Use: Potion            ||     1
 Armour: Scale mail        ||    32
  Dodge: Dodged            ||    25
  Block: Buckler           ||     5
